 Dungeon Crawl Stone Soup version 0.25-a0-589-g1e14c549ee (webtiles) character file.

Game seed: 2878546146062628210, levelgen mode: deterministic

424 ipx the Chopper (level 6, 0/57 HPs)
             Began as a Hill Orc Fighter on Mar 12, 2020.
             Slain by a sky beast (6 damage)
             ... on level 5 of the Dungeon.
             The game lasted 00:16:51 (1566 turns).

ipx the Chopper (Hill Orc Fighter)                  Turns: 1566, Time: 00:16:52

Health: 0/57       AC: 10    Str: 21    XL:     6   Next: 96%
Magic:  6/6        EV:  7    Int:  8    God:
Gold:   96         SH:  9    Dex: 10    Spells: 5/5 levels left

rFire    . . .     SeeInvis .   a - +1 war axe
rCold    . . .     Gourm    .   c - +0 kite shield
rNeg     + . .     Faith    .   b - +0 scale mail
rPois    .         Spirit   .   (no helmet)
rElec    .         Reflect  .   (no cloak)
rCorr    +         Harm     .   (no gloves)
MR       .....                  v - +2 pair of boots
Stlth    ..........             w - amulet of inaccuracy (curse)
HPRegen  0.19/turn              e - ring of positive energy
MPRegen  0.10/turn              z - ring of resist corrosion

@: no status effects
A: no striking features
a: no special abilities


You were on level 5 of the Dungeon.
You were hungry.

You visited 1 branch of the dungeon, and saw 5 of its levels.

You collected 96 gold pieces.

Inventory:

Hand Weapons
 a - a +1 war axe (weapon)
 j - a +2 dagger of draining
Missiles
 q - a throwing net
 x - 4 poisoned darts (quivered)
Armour
 b - a +0 scale mail (worn)
 c - a +0 kite shield (worn)
 l - a +0 pair of boots
 v - a +2 pair of boots (worn)
Jewellery
 e - a ring of positive energy (left hand)
 w - a cursed amulet of inaccuracy (around neck)
 z - a ring of resist corrosion (right hand)
 L - an uncursed ring of flight
Scrolls
 i - 3 scrolls of enchant armour
 k - a scroll of teleportation
 m - 2 scrolls of immolation
 o - a scroll of fog
 p - a scroll of fear
 r - a scroll of noise
Potions
 d - a potion of might
 g - 3 potions of curing
 h - 2 potions of mutation {unknown}
 n - 4 potions of ambrosia {unknown}
 t - a potion of magic {unknown}
Comestibles
 f - 10 rations


   Skills:
 + Level 5.9 Fighting
 + Level 7.6 Axes
 + Level 1.2 Throwing
 - Level 3.2 Armour
 - Level 3.2 Shields


You had 5 spell levels left.
You didn't know any spells.
Your spell library was empty.

Dungeon Overview and Level Annotations

Branches:
Dungeon (5/15)
 Temple: D:4-7

Altars:
Uskayaw
Wu Jian


Message History

You closely miss the sky beast.
The sky beast is severely wounded.
The sky beast flickers out of sight!
Deactivating autopickup; reactivate with Ctrl-A.
Something hits you but does no damage.
A sky beast appears from thin air!
Reactivating autopickup.
You slash the sky beast!
The sky beast is almost dead.
The sky beast hits you but does no damage.
You completely miss the sky beast.
The sky beast is almost dead.
The sky beast hits you.
* * * LOW HITPOINT WARNING * * *
The sky beast shocks you.
* * * LOW HITPOINT WARNING * * *
The sky beast hits you.
* * * LOW HITPOINT WARNING * * *
The sky beast shocks you.
You die...

#.# #............
#.####
#.##......[.#
#....# #
#..#####.. ####.#
#..#####.# #.#
#........< #.#
##..####.# #.# #.
#..# #.# #Y# #.
#..# #.# #@#
#.###..####.# #.#
##...#.....#.#
#.###......>##.#.#
#...........[.....
####..............
#........†.....
##............#
##...#....#..#
#.#.#......##


You could see a sky beast.

Vanquished Creatures
  An ogre (D:5)
  A bullfrog skeleton (D:5)
  2 orc priests (D:5)
  A centaur skeleton (D:4)
  An iguana (D:5)
  2 worker ants
  4 gnolls (D:3)
  5 adders
  A shadow imp (D:5)
  An adder zombie (D:5)
  A worm (D:2)
  2 dart slugs
  2 leopard geckos
  4 orcs
  A ball python (D:3)
  4 giant cockroaches
  7 goblins
  4 hobgoblins
  A quokka (D:3)
  A bat (D:2)
  5 frilled lizards
  A jackal skeleton (D:4)
  4 kobolds
  3 rats
59 creatures vanquished.

Notes
Turn   | Place    | Note
-------+----------+-------------------------------------------
     0 | D:1      | ipx the Hill Orc Fighter began the quest for the Orb.
     0 | D:1      | Reached XP level 1. HP: 19/19 MP: 1/1
     9 | D:1      | Reached skill level 3 in Axes
    41 | D:1      | Reached XP level 2. HP: 16/26 MP: 2/2
   136 | D:1      | Reached skill level 4 in Axes
   273 | D:2      | Reached XP level 3. HP: 15/31 MP: 3/3
   312 | D:2      | Found a hide-covered altar of Uskayaw.
   477 | D:3      | Reached skill level 5 in Axes
   528 | D:3      | Reached XP level 4. HP: 26/39 MP: 4/4
   538 | D:3      | Reached skill level 6 in Axes
   907 | D:4      | Reached XP level 5. HP: 44/46 MP: 5/5
  1090 | D:5      | Entered Level 5 of the Dungeon
  1104 | D:5      | Noticed an ogre
  1120 | D:5      | Killed an ogre
  1120 | D:5      | Reached skill level 5 in Fighting
  1120 | D:5      | Reached skill level 7 in Axes
  1120 | D:5      | Reached XP level 6. HP: 56/56 MP: 6/6
  1345 | D:5      | Found an ornate altar of the Wu Jian Council.
  1419 | D:5      | Reached skill level 1 in Throwing
  1469 | D:5      | Noticed a sky beast
  1566 | D:5      | Slain by a sky beast

Levels and vault maps discovered:
D:1:      dpeg_arrival_court, layout_basic, minmay_misc_feat_iff
D:2:      layout_basic, lemuel_crystal_altar, marbit_many_paths
D:3:      layout_loops_ring, lemuel_doored_altar, serial_bayou_pond_e
D:4:      layout_loops_cross, first_ration
D:5:      layout_loops_ring, nicolae_overflow_hidden_temple

Skill      XL: |  1  2  3  4  5  6 |
---------------+-------------------+-----
Axes           | 3 4 5 6 7 |  7.6
Fighting       | 4 5 |  5.9
Throwing       | 1 |  1.2
Armour         | |  3.2
Shields        | |  3.2

Action                   |  1- 3 |  4- 6 || total
-------------------------+-------+-------++-------
Melee: War axe           |    88 |   165 ||   253
       Dagger            |     3 |     3 ||     6
Throw: Throwing net      |       |     1 ||     1
       Dart              |       |    10 ||    10
  Use: Scroll            |       |     9 ||     9
  Eat: Chunk             |       |     3 ||     3
Armor: Scale mail        |    28 |    72 ||   100
Dodge: Dodged            |    29 |    28 ||    57
Block: Kite shield       |    50 |    62 ||   112

Table legend:
 A = Non-vault XP
 B = Vault XP
 C = Vault XP percentage of total XP
 D = Non-vault monster count
 E = Vault monster count
 F = Vault count percentage of total count
                 A         B        C        D         E       F
            +---------+---------+-------+---------+---------+-------
      Total |     607 |       0 |   0.0 |      59 |       0 |   0.0
            +---------+---------+-------+---------+---------+-------
        D:1 |      19 |       0 |   0.0 |      10 |       0 |   0.0
        D:2 |      20 |       0 |   0.0 |       9 |       0 |   0.0
        D:3 |     128 |       0 |   0.0 |      20 |       0 |   0.0
        D:4 |     105 |       0 |   0.0 |       7 |       0 |   0.0
        D:5 |     335 |       0 |   0.0 |      13 |       0 |   0.0
            +---------+---------+-------+---------+---------+-------
